 Dungeon Crawl Stone Soup version 0.20.1-1-g8b1a95d (webtiles) character file.

333 Cornelleus the Bolt Thrower (level 6, -3/51 HPs)
             Began as a Centaur Hunter on Sept 4, 2017.
             Was an Initiate of Okawaru.
             Slain by a gnoll
             ... wielding a +0 flail
              (12 damage)
             ... on level 4 of the Dungeon.
             The game lasted 00:29:51 (3186 turns).

Cornelleus the Bolt Thrower (Centaur Hunter)        Turns: 3186, Time: 00:29:52

Health: -3/51      AC:  5    Str: 15    XL:     6   Next: 27%
Magic:  6/6        EV:  9    Int: 10    God:    Okawaru [......]
Gold:   265        SH:  0    Dex: 11    Spells: 5/5 levels left

rFire    + . .     SeeInvis .   a - +1 hand crossbow
rCold    . . .     Gourm    .   (no shield)
rNeg     . . .     Faith    .   q - +1 leather armour {rF+}
rPois    .         Spirit   .   (no helmet)
rElec    .         Reflect  .   (no cloak)
rCorr    .         Harm     .   (no gloves)
MR       +....                  (no barding)
Stlth    +.........             n - amulet of inaccuracy (curse)
Regen    0.2/turn               r - ring of protection from magic
MPRegen  0.1/turn               (no ring)

@: very quick
A: hooves 3, deformed body, speed 2, tough skin 3
a: Renounce Religion


You were on level 4 of the Dungeon.
You worshipped Okawaru.
Okawaru was noncommittal.
You were not hungry.

You visited 1 branch of the dungeon, and saw 4 of its levels.

You collected 265 gold pieces.

Inventory:

Hand Weapons
 a - a +1 hand crossbow (weapon)
 b - a +0 short sword
 l - a +1 hand axe of flaming
Missiles
 d - 21 bolts
 h - 50 sling bullets
 i - 179 stones (quivered)
Armour
 o - a +0 leather armour
 q - a +1 leather armour of fire resistance (worn)
 s - a +0 pair of gloves
Jewellery
 n - a cursed amulet of inaccuracy (around neck)
 r - a ring of protection from magic (left hand)
Scrolls
 e - a scroll of amnesia
 g - 2 scrolls of fog
 j - 3 scrolls of identify
 v - a scroll of remove curse {unknown}
Potions
 k - a potion of cancellation {unknown}
 m - a potion of heal wounds {unknown}
 p - 4 potions of curing {unknown}
Comestibles
 c - a fruit
 f - 5 bread rations
 t - 2 royal jellies
 u - a meat ration


   Skills:
 + Level 3.1 Fighting
 + Level 7.0 Crossbows
 + Level 1.4 Armour
 + Level 1.9 Dodging
 + Level 0.6 Stealth


You had 5 spell levels left.
You didn't know any spells.

Dungeon Overview and Level Annotations

Branches:
Dungeon (4/15)
 Temple: D:4-7

Altars:
Elyvilon
Gozag
Kikubaaqudgha
Okawaru
Uskayaw


Innate Abilities, Weirdness & Mutations

You have hooves in place of feet.
Armour fits poorly on your strangely shaped body.
You cover ground very quickly.
You have extremely tough skin. (AC +3)


Message History

* * * LOW HITPOINT WARNING * * *
The bullfrog skeleton hits you.
* * * LOW HITPOINT WARNING * * *
Unknown command.
Number of times to repeat, then command key: You must enter the number of times for the command to repeat.
Throwing (i - inventory. (,) - cycle):
i - 181 stones (quivered)
Press: ? - help, Shift-Dir - straight line, f - bullfrog skeleton
Aim: a bullfrog skeleton You throw a stone.
The stone hits the bullfrog skeleton.
The bullfrog skeleton is lightly damaged.
The bullfrog skeleton hits you.
* * * LOW HITPOINT WARNING * * *
Throwing (i - inventory. (,) - cycle):
i - 180 stones (quivered)
Press: ? - help, Shift-Dir - straight line, f/p - bullfrog skeleton
Aim: a bullfrog skeleton (lightly damaged)
You throw a stone. The stone hits the bullfrog skeleton.
The bullfrog skeleton is lightly damaged.
The gnoll hits you with a flail!
You die...

.... .......
##...............#
...........#....##
..........#.....#####
.....................
....(...###.##.g....
...#.(.#..g.....gg..
#.g.#....###......
##.###@Z...g.## #......
#.[........######......
#....##.............(...
..#. #...########......
# #...# #...... #...#
####### #####


You could see a gnoll shaman, 2 gnolls and a bullfrog skeleton.

Vanquished Creatures
  The ghost of Fandomethor the Insei, an amateur DgTm (D:3)
  A centaur (D:3)
  A scorpion (D:4)
  3 adders
  An ooze (D:2)
  4 worms
  A leopard gecko (D:2)
  8 orcs (D:3)
  A ball python (D:2)
  9 bats
  3 giant cockroaches
  12 goblins
  4 hobgoblins
  6 jackals
  4 kobolds
  A quokka (D:3)
  8 frilled lizards
  7 rats
75 creatures vanquished.

Notes
Turn   | Place    | Note
-------+----------+-------------------------------------------
     0 | D:1      | Cornelleus the Centaur Hunter began the quest for the Orb.
     0 | D:1      | Reached XP level 1. HP: 17/17 MP: 1/1
   327 | D:1      | Reached XP level 2. HP: 22/24 MP: 2/2
   596 | D:1      | Reached skill level 5 in Crossbows
   879 | D:2      | Reached XP level 3. HP: 29/29 MP: 3/3
   907 | D:2      | Found an ancient bone altar of Kikubaaqudgha.
   907 | D:2      | Found a hide-covered altar of Uskayaw.
  1172 | D:2      | Found a white marble altar of Elyvilon.
  1551 | D:3      | Reached XP level 4. HP: 34/36 MP: 4/4
  1574 | D:3      | Found an opulent altar of Gozag.
  1627 | D:3      | Reached skill level 6 in Crossbows
  1709 | D:3      | Noticed Fandomethor's ghost (amateur DgTm)
  1764 | D:3      | Killed Fandomethor's ghost
  1764 | D:3      | Reached XP level 5. HP: 2/44 MP: 5/5
  2296 | D:3      | Found an iron altar of Okawaru.
  2314 | D:3      | Became a worshipper of Warmaster Okawaru
  2384 | D:3      | Reached skill level 1 in Armour
  2767 | D:3      | Noticed a centaur
  2771 | D:3      | Killed a centaur
  2771 | D:3      | Reached XP level 6. HP: 13/51 MP: 6/6
  3179 | D:4      | Reached skill level 7 in Crossbows
  3186 | D:4      | Slain by a gnoll

Skill      XL: |  1  2  3  4  5  6 |
---------------+-------------------+-----
Crossbows      | 5 6 7 |  7.0
Fighting       | 3 |  3.1
Armour         | 1 |  1.4
Dodging        | |  1.9
Stealth        | |  0.6

Action                   |  1- 3 |  4- 6 || total
-------------------------+-------+-------++-------
Melee: Short sword       |     8 |       ||     8
       Kick              |     2 |       ||     2
 Fire: Hand crossbow     |   121 |   132 ||   253
Throw: Stone             |     1 |     2 ||     3
  Use: Scroll            |     5 |       ||     5
  Eat: Royal jelly       |     1 |     1 ||     2
       Bread ration      |       |     1 ||     1
Armor: Leather armour    |    22 |    36 ||    58
Dodge: Dodged            |    17 |    44 ||    61
